AoeStats
← anzunza2014

Arabia

506585894Analyzed
2v2 RM · 17d ago on Sep 14, 2026· 60m 33s· 4 players
Game mode
Random Map
Map size
Medium (4 player)
Population
200
Speed
Normal
Resources
Standard
Victory
Conquest
Starting age
Dark Age
Ending age
Imperial Age
RankedLock teamsTeams togetherTeam positionsShared explorationLock speedFull tech treeHidden civsTurbo modeCheats
Victory
Defeat
🇺🇸 Huns · United States
872
+21
🇧🇷 Vietnamese · Brazil
843
+22
🇲🇽 Magyars · Mexico
983
-22
🇲🇽 Teutons · Mexico
971
-21
anzunza2014
4:22 Loom
12:47 Feudal Age
13:21 Double-Bit Axe
19:45 Castle Age
19:38 Forging
19:21 Fletching
19:17 Horse Collar
20:56 Light Cavalry
22:50 Bloodlines
22:30 Pikeman
24:25 Scale Mail Armor
24:45 Gold Mining
26:03 Husbandry
27:06 Iron Casting
28:13 Scale Barding Armor
28:46 Bow Saw
28:41 Heavy Plow
28:47 Arson
30:16 Chain Barding Armor
30:31 Bodkin Arrow
30:37 Padded Archer Armor
31:25 Chain Mail Armor
36:31 Imperial Age
36:58 Squires
37:39 Conscription
38:16 Wheelbarrow
39:38 Blast Furnace
40:53 Gold Shaft Mining
40:24 Halberdier
41:53 Leather Archer Armor
46:09 Parthian Tactics
48:01 Bracer
49:59 Ballistics
50:40 Chemistry
53:28 Plate Barding Armor
54:35 Hussar
RAFAOalexandre
7:26 Loom
10:30 Feudal Age
11:03 Double-Bit Axe
17:32 Fletching
18:25 Wheelbarrow
24:27 Castle Age
23:22 Padded Archer Armor
24:32 Crossbowman
25:43 Bodkin Arrow
26:43 Hand Cart
28:59 Bloodlines
28:35 Pikeman
31:00 Husbandry
31:51 Scale Barding Armor
32:31 Forging
33:21 Chain Barding Armor
34:54 Bow Saw
35:47 Iron Casting
41:22 Imperial Age
41:32 Elite Battle Elephant
45:03 Plate Barding Armor
45:29 Cavalier
46:45 Gold Mining
46:45 Stone Mining
50:47 Bracer
51:03 Leather Archer Armor
53:29 Horse Collar
54:56 Two-Man Saw
54:24 Chatras
HABS
5:26 Loom
12:15 Feudal Age
14:55 Gold Mining
14:49 Horse Collar
15:53 Bloodlines
22:29 Castle Age
29:59 Stone Mining
49:23 Imperial Age
49:26 Cavalier
Lordsville
9:17 Loom
11:03 Feudal Age
17:12 Castle Age
18:22 Double-Bit Axe
18:31 Stone Mining
20:17 Horse Collar
21:04 Fletching
24:40 Bow Saw
24:39 Elite Skirmisher
26:22 Wheelbarrow
26:16 Bow Saw
29:58 Hand Cart
30:04 Hand Cart
32:02 Pikeman
33:42 Thumb Ring
36:13 Ballistics
35:57 Bodkin Arrow
36:07 Scale Mail Armor
36:14 Scale Barding Armor
36:27 Town Watch
40:39 Imperial Age
40:23 Chain Barding Armor
40:04 Padded Archer Armor
41:44 Bracer
42:21 Plate Barding Armor
42:01 Leather Archer Armor
43:14 Conscription
43:36 Halberdier
Connection lost

Rejoining the realm…

Still unreachable

The connection could not be restored.

Session expired

The server has moved on; the page needs a fresh start.